 Dungeon Sprint DCSS version 0.17.2-1-ge4368a0 (webtiles) character file.

9649 mopl the Unseen (level 11, 11/58 (60) HPs)
             Began as a Spriggan Assassin on Aug 22, 2016.
             Was a High Priest of Trog.
             Quit the game in the Dungeon (Sprint III: "The Ten Rune Challenge").
             The game lasted 00:06:34 (1448 turns).

mopl the Unseen (Spriggan Assassin)                 Turns: 1448, Time: 00:06:34

HP:   11/58 (60)    AC:  3    Str:  7      XL:     11   Next: 25%
MP:   12/12         EV: 17    Int: 12 (13) God:    Trog [*****.]
Gold: 81            SH:  0    Dex: 21      Spells: 0 memorised, 10 levels left

rFire  . . .     SeeInvis +     a - +1 dagger (venom)
rCold  . . .     Clarity  .     c - +0 robe
rNeg   . . .     SustAt   .     (shield restricted)
rPois  .         Gourm    .     (helmet restricted)
rElec  .         Spirit   .     d - +0 cloak
rCorr  .         Warding  .     (gloves unavailable)
rMut   .         NoTele   +     (boots unavailable)
MR     +....                    (no amulet)
Stlth  +++++++++.               (no ring)
                                (no ring)

@: lethally poisoned (11 -> -60), slowed, quick, somewhat resistant to hostile
enchantments, incredibly stealthy
A: unfitting armour, horns 1, see invisible, herbivore 3, speed 3, slow
metabolism 2
a: Berserk, Trog's Hand, Brothers in Arms, Burn Spellbooks, Renounce Religion


You were in the Dungeon.
You worshipped Trog.
Trog was extremely pleased with you.
You were full.

You visited 1 branch You collected 123 gold pieces.
You spent 42 gold pieces at shops.

Inventory:

Hand Weapons
 a - a +1 dagger of venom (weapon)
 b - a +0 blowgun
Missiles
 e - 7 poisoned needles
 f - 12 curare-tipped needles
 v - 2 needles of sleeping
 x - 4 silver tomahawks (quivered)
 z - 10 tomahawks of returning
 B - 9 throwing nets
Armour
 c - a +0 robe (worn)
 d - a +0 cloak (worn)
Wands
 w - a wand of confusion (40)
 A - a wand of fireball (11)
 C - a wand of polymorph (10)
Scrolls
 m - a scroll of blinking
 o - a scroll of immolation
 p - 2 scrolls of identify
 q - 3 scrolls of remove curse
Potions
 j - a potion of haste
 k - 2 potions of magic
 l - a potion of might
 n - 2 potions of berserk rage {!q}
 r - a potion of flight
 s - 2 potions of cure mutation {!q}
 t - a potion of agility
Miscellaneous
 y - an ornate deck of wonders
Comestibles
 g - a bread ration
 u - 2 royal jellies


   Skills:
 + Level 8.9 Fighting
 + Level 11.3 Short Blades
 * Level 18.4 Throwing
 - Level 1.5 Dodging
 + Level 20.2 Stealth


You had 10 spell levels left.
You didn't know any spells.

Dungeon Overview and Level Annotations

Branches:
Dungeon (1/1)

Altars:
Cheibriados
Dithmenos
Elyvilon
Fedhas
Gozag
Kikubaaqudgha
Makhleb
Nemelex Xobeh
Okawaru
Qazlal
Ru
Sif Muna
Trog
Vehumet
Xom
Yredelemnul
Zin
The Shining One
Jiyva
Lugonu

Shops:
D ?%:[(?!=[[}%


Innate Abilities, Weirdness & Mutations

You are tiny and cannot use many weapons and most armour.
You have supernaturally acute eyesight.
You are a herbivore.
You cover ground extremely quickly.
You need consume almost no food.
You have a pair of small horns on your head.


Message History

* * * LOW HITPOINT WARNING * * *
x2 You feel very sick.
Drink which item? (? for menu, Esc to quit)
You feel much better.
You are engulfed in dark miasma.
You are lethally poisoned!
You feel very sick.
Drink which item? (? for menu, Esc to quit)
You feel much better.
You are engulfed in dark miasma.
You are lethally poisoned!
You feel your flesh rotting away!
You feel very sick.
Read which item? (? for menu, Esc to quit)
As you read the scroll labeled VIPTOICR NIZA, it crumbles to dust.
The air around you briefly surges with heat, but it dissipates.
It was a scroll of immolation.
You are engulfed in dark miasma.
You are more poisoned.
You feel your flesh rotting away!
* * * LOW HITPOINT WARNING * * *
You feel extremely sick.
Drink which item? (? for menu, Esc to quit)
Okay, then.
Are you sure you want to abandon this character and quit the game? (Confirm with "yes".)

+.......#
#.......#
##'########
#...'.≈≈≈§#
#...#.≈≈≈≈#
#).)#.#≈≈≈##
#####.# ≈≈≈###≈
#.PPP.###≈≈≈§§≈
#..P)P#@#c§≈§≈≈
#..)PP#+###≈≈≈≈
#....P#§§§# § ≈
#'#####§§§#
#.....§§§§+
#.#############
#.#).P........+
#.#PP.))..########
#.#P..))###.∩⌠⌠∩.#


You could see a yaktaur captain (sleeping).

Vanquished Creatures
  Sigmund (D)
  Erolcha (D)
  An orange crystal statue (D)
  3 crystal guardians (D)
  Edmund (D)
  A deep elf priest (D)
  4 spriggan defenders (D)
  An orc high priest (D)
  A shadow (D)
  2 trapdoor spiders (D)
  A redback (D)
  2 hill giants (D)
  A necrophage (D)
  3 two-headed ogres (D)
  A water elemental (D)
  A scorpion (D)
  3 orc priests (D)
  A jelly (D)
  A wizard (D)
  Jessica (D)
  A necromancer (D)
  3 humans (D)
  A kobold demonologist (D)
  A giant eyeball (D)
  An ooze (D)
  2 rats (D)
40 creatures vanquished.

Vanquished Creatures (collateral kills)
  A crystal guardian (D)
  4 statues (D)
5 creatures vanquished.

Vanquished Creatures (others)
  2 draconian scorchers (D)
  3 yaktaurs (D)
5 creatures vanquished.

Grand Total: 50 creatures vanquished

Notes
Turn   | Place    | Note
--------------------------------------------------------------
     0 | D        | mopl the Spriggan Assassin began the quest for the Orb.
     0 | D        | Reached XP level 1. HP: 10/10 MP: 2/2
     4 | D        | Reached skill level 3 in Throwing
     4 | D        | Reached skill level 6 in Stealth
    11 | D        | Noticed Jessica
    13 | D        | Killed Jessica
    13 | D        | Reached skill level 5 in Throwing
    13 | D        | Reached skill level 8 in Stealth
    13 | D        | Reached XP level 2. HP: 14/14 MP: 3/3
    13 | D        | Reached XP level 3. HP: 18/18 MP: 4/4
    54 | D        | Reached skill level 6 in Throwing
    66 | D        | Noticed a scorpion
    70 | D        | Noticed a water elemental
    72 | D        | Killed a water elemental
    72 | D        | Reached skill level 7 in Throwing
    72 | D        | Reached skill level 10 in Stealth
    72 | D        | Reached XP level 4. HP: 12/22 MP: 5/5
    85 | D        | Killed a scorpion
    85 | D        | Reached skill level 8 in Throwing
    85 | D        | Reached skill level 11 in Stealth
    85 | D        | Reached XP level 5. HP: 14/25 MP: 6/6
   107 | D        | Gained mutation: You are clumsy. (Dex -2) [potion of mutation]
   107 | D        | Gained mutation: You are resistant to hostile enchantments. [potion of mutation]
   107 | D        | Gained mutation: Your body sometimes deteriorates upon taking damage. [potion of mutation]
   108 | D        | Gained mutation: You are robust (+10% HP). [potion of mutation]
   108 | D        | Gained mutation: Your spells are a little easier to cast, but a little less powerful. [potion of mutation]
   109 | D        | Lost mutation: You are robust (+10% HP). [potion of mutation]
   109 | D        | Gained mutation: You have a pair of small horns on your head. [potion of mutation]
   109 | D        | Gained mutation: Your magical capacity is low (-10% MP). [potion of mutation]
   110 | D        | Lost mutation: Your spells are a little easier to cast, but a little less powerful. [potion of cure mutation]
   110 | D        | Lost mutation: You are resistant to hostile enchantments. [potion of cure mutation]
   110 | D        | Lost mutation: Your body sometimes deteriorates upon taking damage. [potion of cure mutation]
   110 | D        | Lost mutation: Your magical capacity is low (-10% MP). [potion of cure mutation]
   110 | D        | Lost mutation: You are clumsy. (Dex -2) [potion of cure mutation]
   134 | D        | Found an iron altar of Okawaru.
   135 | D        | Found a bloodstained altar of Trog.
   135 | D        | Noticed a human
   135 | D        | Noticed a human
   137 | D        | Killed a human
   137 | D        | Reached skill level 10 in Throwing
   137 | D        | Reached skill level 12 in Stealth
   137 | D        | Reached XP level 6. HP: 20/30 MP: 7/7
   139 | D        | Became a worshipper of Trog the Wrathful
   140 | D        | Killed a white draconian scorcher
   145 | D        | Killed a human
   145 | D        | Reached skill level 11 in Throwing
   145 | D        | Reached skill level 13 in Stealth
   185 | D        | Killed a white draconian scorcher
   290 | D        | Killed a yaktaur
   297 | D        | Found a radiant altar of Vehumet.
   297 | D        | Found a deep blue altar of Sif Muna.
   297 | D        | Found an ancient bone altar of Kikubaaqudgha.
   297 | D        | Noticed a wizard
   299 | D        | Killed a wizard
   299 | D        | Reached * piety under Trog
   300 | D        | Reached ** piety under Trog
   300 | D        | Reached *** piety under Trog
   300 | D        | Received a gift from Trog
   324 | D        | Found a glowing silver altar of Zin.
   325 | D        | Found a glowing golden altar of the Shining One.
   325 | D        | Found a white marble altar of Elyvilon.
   325 | D        | Noticed a deep elf priest
   327 | D        | Killed a deep elf priest
   327 | D        | Reached skill level 13 in Throwing
   327 | D        | Reached skill level 14 in Stealth
   327 | D        | Reached XP level 7. HP: 33/33 MP: 8/8
   337 | D        | Found a basalt altar of Yredelemnul.
   337 | D        | Found a snail-covered altar of Cheibriados.
   337 | D        | Found a blossoming altar of Fedhas.
   337 | D        | Noticed a necrophage
   337 | D        | Noticed a necromancer
   339 | D        | Killed a necrophage
   339 | D        | Reached skill level 15 in Stealth
   340 | D        | Killed a necromancer
   340 | D        | Received a gift from Trog
   348 | D        | Noticed a jelly
   349 | D        | Noticed a shadow
   351 | D        | Killed a shadow
   351 | D        | Reached skill level 2 in Fighting
   351 | D        | Reached skill level 3 in Short Blades
   356 | D        | Killed a jelly
   356 | D        | Reached XP level 8. HP: 25/39 MP: 9/9
   465 | D        | Found a stormy altar of Qazlal.
   466 | D        | Found a sacrificial altar of Ru.
   466 | D        | Found a burning altar of Makhleb.
   466 | D        | Found a viscous altar of Jiyva.
   466 | D        | Found a shimmering altar of Xom.
   466 | D        | Found a shadowy altar of Dithmenos.
   466 | D        | Found a sparkling altar of Nemelex Xobeh.
   466 | D        | Found a corrupted altar of Lugonu.
   466 | D        | Found an opulent altar of Gozag.
   466 | D        | Noticed a spatial vortex
   481 | D        | Noticed a two-headed ogre
   481 | D        | Noticed a two-headed ogre
   485 | D        | Killed a two-headed ogre
   485 | D        | Reached **** piety under Trog
   487 | D        | Killed a two-headed ogre
   489 | D        | Noticed a two-headed ogre
   490 | D        | Killed a two-headed ogre
   490 | D        | Reached skill level 4 in Short Blades
   490 | D        | Reached skill level 14 in Throwing
   495 | D        | Noticed a hill giant
   502 | D        | Killed a hill giant
   502 | D        | Received a gift from Trog
   502 | D        | Reached skill level 3 in Fighting
   502 | D        | Reached skill level 16 in Stealth
   510 | D        | Noticed a hill giant
   510 | D        | Noticed Erolcha
   513 | D        | Killed Erolcha
   513 | D        | Reached skill level 4 in Fighting
   513 | D        | Reached skill level 6 in Short Blades
   513 | D        | Reached skill level 15 in Throwing
   513 | D        | Reached XP level 9. HP: 43/46 MP: 10/10
   514 | D        | Killed a hill giant
   514 | D        | Reached ***** piety under Trog
   526 | D        | Noticed a redback
   528 | D        | Noticed a trapdoor spider
   545 | D        | Killed a trapdoor spider
   545 | D        | Reached skill level 5 in Fighting
   545 | D        | Reached skill level 17 in Stealth
   557 | D        | Killed a redback
   557 | D        | Received a gift from Trog
   557 | D        | Reached skill level 7 in Short Blades
   580 | D        | Noticed a trapdoor spider
   593 | D        | Killed a trapdoor spider
   635 | D        | Noticed Sigmund
   635 | D        | Noticed Edmund
   639 | D        | Killed Sigmund
   639 | D        | Reached skill level 7 in Fighting
   639 | D        | Reached skill level 9 in Short Blades
   639 | D        | Reached skill level 17 in Throwing
   639 | D        | Reached skill level 19 in Stealth
   639 | D        | Reached XP level 10. HP: 50/55 MP: 11/11
   643 | D        | Killed Edmund
   643 | D        | Reached skill level 10 in Short Blades
   812 | D        | Noticed an orc priest
   812 | D        | Noticed an orc priest
   816 | D        | Noticed an orc high priest
   816 | D        | Noticed an orc priest
   818 | D        | Killed an orc priest
   818 | D        | Received a gift from Trog
   822 | D        | Killed an orc priest
   835 | D        | Killed an orc high priest
   840 | D        | Killed an orc priest
   840 | D        | Received a gift from Trog
  1123 | D        | Killed a yaktaur
  1235 | D        | Noticed an orange crystal statue
  1239 | D        | Noticed a spriggan defender
  1240 | D        | Noticed a spriggan defender
  1240 | D        | Noticed a spriggan defender
  1240 | D        | Noticed a spriggan defender
  1243 | D        | Killed a spriggan defender
  1244 | D        | Killed a spriggan defender
  1244 | D        | Reached skill level 8 in Fighting
  1246 | D        | Killed a spriggan defender
  1247 | D        | Killed a spriggan defender
  1247 | D        | Reached ****** piety under Trog
  1274 | D        | Noticed a crystal guardian
  1275 | D        | Killed a crystal guardian
  1275 | D        | Reached XP level 11. HP: 60/60 MP: 12/12
  1277 | D        | Noticed a crystal guardian
  1277 | D        | Noticed a crystal guardian
  1277 | D        | Noticed a crystal guardian
  1278 | D        | Killed a crystal guardian
  1278 | D        | Reached skill level 18 in Throwing
  1281 | D        | Killed a crystal guardian
  1281 | D        | Reached skill level 11 in Short Blades
  1281 | D        | Reached skill level 20 in Stealth
  1287 | D        | Killed a crystal guardian
  1289 | D        | Noticed a fire elementalist statue
  1289 | D        | Noticed an earth elementalist statue
  1290 | D        | Noticed a water elementalist statue
  1290 | D        | Noticed an air elementalist statue
  1294 | D        | Killed a fire elementalist statue
  1297 | D        | Killed a water elementalist statue
  1299 | D        | Killed an air elementalist statue
  1302 | D        | Killed an earth elementalist statue
  1346 | D        | Killed an orange crystal statue
  1361 | D        | Killed a yaktaur
  1368 | D        | Found Rozxubeidgh's Magic Scroll Emporium.
  1368 | D        | Found Suden's Jewellery Shop.
  1368 | D        | Found Cyrhawup's Antique Armour Boutique.
  1368 | D        | Found Sokuaz's Food Shoppe.
  1368 | D        | Found Witow's Antique Weapon Boutique.
  1368 | D        | Found Fiajir's Distillery.
  1368 | D        | Found Yjiyprin's Book Shoppe.
  1368 | D        | Found Huig's Gadget Shop.
  1368 | D        | Found Puxeb's Food Shop.
  1368 | D        | Found Yckynk's Armour Emporium.
  1368 | D        | Found Gepsith's Magic Scroll Emporium.
  1368 | D        | Found Upoquf's Armour Boutique.
  1407 | D        | Bought a potion of flight for 42 gold pieces
  1440 | D        | Noticed a yaktaur captain
  1448 | D        | Quit the game

Action                   |  1- 3 |  4- 6 |  7- 9 | 10-12 || total
-------------------------+-------+-------+-------+-------++-------
Melee: Dagger            |    10 |     8 |    20 |    52 ||    90
 Fire: Blowgun           |     2 |     4 |    10 |     1 ||    17
Invok: Burn Spellbooks   |       |     1 |       |       ||     1
       Berserk           |       |       |       |     2 ||     2
       Brothers in Arms  |       |       |       |     2 ||     2
  Use: Potion            |       |     5 |       |     5 ||    10
       Scroll            |       |       |       |     1 ||     1
 Stab: Sleeping          |     5 |     4 |    11 |     9 ||    29
  Eat: Fruit             |       |       |       |     7 ||     7
